 Dungeon Crawl Stone Soup version 0.27.1-34-g3ba077fa99 (webtiles) character file.

Game seed: 14447866717805184348

35 sankara the Ruffian (level 3, 0/28 HPs)
             Began as a Minotaur Transmuter on Jan 21, 2022.
             Slain by Natasha (9 damage)
             ... on level 2 of the Dungeon.
             The game lasted 00:02:19 (1550 turns).

sankara the Ruffian (Minotaur Transmuter)           Turns: 1550, Time: 00:02:20

Health: 0/28       AC:  2    Str: 14    XL:     3   Next: 16%
Magic:  4/4        EV: 12    Int: 10    God:
Gold:   35         SH:  0    Dex: 11    Spells: 2/5 levels left

rFire    . . .     SeeInvis .     - Unarmed
rCold    . . .     Faith    .   (no shield)
rNeg     . . .     Spirit   .   a - +0 robe
rPois    .         Reflect  .   (helmet restricted)
rElec    .         Harm     .   (no cloak)
rCorr    .         Rampage  .   (no gloves)
Will     .....                  (no boots)
Stlth    +.........             (no amulet)
HPRegen  0.09/turn              (no ring)
MPRegen  0.09/turn              (no ring)

@: no status effects
A: horns 2, retaliatory headbutt
a: no special abilities


You were on level 2 of the Dungeon.
You visited 1 branch of the dungeon, and saw 2 of its levels.

You collected 35 gold pieces.

Inventory:

Hand Weapons
 b - a +1 whip of electrocution
 l - a +0 hunting sling
Missiles
 k - 33 stones
Armour
 a - a +0 robe (worn)
Scrolls
 d - a scroll of identify {unknown}
 g - a scroll of fear {unknown}
 h - a scroll of magic mapping {unknown}
 i - a scroll of amnesia {unknown}
 m - a scroll of blinking {unknown}
Potions
 c - 2 potions of haste {unknown}
 e - a potion of degeneration {unknown}
 f - 2 potions of lignification {unknown}
 j - a potion of curing {unknown}


   Skills:
 - Level 1.2 Fighting
 - Level 2.1 Dodging
 + Level 4.0 Unarmed Combat
 - Level 1.5 Spellcasting
 + Level 2.3 Transmutations


You had 2 spell levels left.
You knew the following spells:

 Your Spells              Type           Power      Damage    Failure   Level
a - Beastly Appendage     Tmut           10%        N/A       13%         1
b - Wereblood             Tmut           5%         N/A       19%         2

Your spell library contained the following spells:

 Spells                   Type           Power      Damage    Failure   Level
 Spider Form              Tmut/Pois      1%         N/A       52%         3
 Ice Form                 Ice/Tmut       3%         N/A       90%         4


Dungeon Overview and Level Annotations

Branches:
Dungeon (2/15)

Altars:
Qazlal

Annotations:
D:2 Natasha


Innate Abilities, Weirdness & Mutations

You have a pair of horns on your head.
You reflexively headbutt those who attack you in melee.


Message History

Natasha casts a spell.
Your transformation is almost over.
You hit Natasha. Your kick misses Natasha.
Natasha is lightly wounded.
Natasha barely misses you. You furiously retaliate!
You headbutt Natasha. You hit Natasha. Your kick misses Natasha.
Natasha is moderately wounded.
Natasha claws you.
You barely miss Natasha.
Natasha is moderately wounded.
Natasha claws you.
You closely miss Natasha. You claw Natasha, but do no damage.
Natasha is moderately wounded.
Natasha claws you.
You closely miss Natasha.
Natasha is moderately wounded.
Natasha wildly gestures.
Natasha glows brightly for a moment.
Natasha claws you.
You closely miss Natasha. Your headbutt misses Natasha.
Natasha is moderately wounded.
You hit Natasha but do no damage. You claw Natasha.
Natasha is severely wounded.
Natasha claws you but does no damage.
You closely miss Natasha.
Natasha is severely wounded.
Natasha barely misses you.
You barely miss Natasha.
Natasha is severely wounded.
Natasha claws you!
* * * LOW HITPOINT WARNING * * *
You hit Natasha.
Natasha is almost dead.
Natasha casts a spell at you. You resist with significant effort.
You barely miss Natasha. Your headbutt misses Natasha.
Natasha is almost dead.
Your talons disappear.
Natasha claws you!
You die...

##...........
'...########.##### #...
............. #...
#######.##### #.. #.#
#.. #.# #5# #####.# #h#
#.....#
#@######.....#####
#.............##..
##.............'..
######.#####.....###..
#........รท............
#.####.#####......##..
#.# #.#####......####
#.# #......###.#.....
#.# #####.....)......


You could see Natasha and a white imp (summoned).

Vanquished Creatures
  An adder (D:2)
  3 endoplasms
  2 giant cockroaches
  3 goblins
  A hobgoblin (D:1)
  2 quokkas
  2 ball pythons (D:1)
  A bat (D:2)
  2 frilled lizards
  7 kobolds
  2 rats (D:1)
26 creatures vanquished.

Vanquished Creatures (others)
  4 toadstools (D:1)
4 creatures vanquished.

Grand Total: 30 creatures vanquished

Notes
Turn   | Place    | Note
-------+----------+-------------------------------------------
     0 | D:1      | sankara the Minotaur Transmuter began the quest for the
                  | Orb.
     0 | D:1      | Reached XP level 1. HP: 16/16 MP: 1/1
   401 | D:1      | Reached XP level 2. HP: 23/23 MP: 1/3
   404 | D:1      | Learned a level 2 spell: Wereblood
   869 | D:1      | Found a faded altar of an unknown god.
  1198 | D:2      | Found a stormy altar of Qazlal.
  1391 | D:2      | Reached skill level 4 in Unarmed Combat
  1391 | D:2      | Reached XP level 3. HP: 24/28 MP: 2/4
  1537 | D:2      | Noticed Natasha
  1550 | D:2      | Slain by Natasha

Illustrated notes

Levels and vault maps discovered:
D:1:      ldierk_water_garden, layout_basic,
          shapermc_ecumenical_altar_mp_highgroup
D:2:      layout_basic, basic_altar, chequers_mini_garden, uniq_natasha

Skill      XL: |  1  2 |
---------------+-------+-----
Transmutations | 2 |  2.3
Unarmed Combat | 4 |  4.0
Fighting       | |  1.2
Dodging        | |  2.1
Spellcasting   | |  1.5

Action                   || total
-------------------------++-------
Melee: Whip              ||     6
       Unarmed           ||    50
       Kick              ||     9
       Headbutt          ||     3
 Cast: Beastly Appendage ||    21
 Stab: Sleeping          ||     1
Armor: Robe              ||     5
Dodge: Dodged            ||    27
